 Dungeon Crawl Stone Soup version 0.30-a0-782-ge64f9170bb (console) character file.

Game seed: 7654662203860163842

56 utis the Firebug (level 3, -3/20 HPs)
             Began as a Tengu Wanderer on Mar 8, 2023.
             Slain by a gnoll
             ... wielding a +0 halberd
              (15 damage)
             ... on level 2 of the Dungeon.
             The game lasted 00:05:36 (1432 turns).

utis the Firebug (Tengu Wanderer)                   Turns: 1432, Time: 00:05:37

Health: -3/20      AC:  4    Str: 13    XL:     3   Next: 97%
Magic:  4/5        EV: 11    Int: 14    God:
Gold:   75         SH:  0    Dex: 12    Spells: 3/4 levels left

rFire   . . .      SeeInvis .    m - +2 mace (drain)
rCold   . . .      Faith    .    (no shield)
rNeg    + . .      Spirit   .    d - +0 leather armour
rPois   .          Reflect  .    (helmet restricted)
rElec   .          Harm     .    b - +0 cloak
rCorr   .          Rampage  .    (no gloves)
Will    .....                    (boots unavailable)
Stlth   ++                       (no amulet)
HPRegen 0.23/turn                N - ring of positive energy
MPRegen 0.09/turn                L - ring of flight

@: flying
A: beak, talons 3
a: no special abilities


You were on level 2 of the Dungeon.
You visited 1 branch of the dungeon, and saw 2 of its levels.

You collected 75 gold pieces.

Inventory:

Hand Weapons
 a - a +0 spear
 f - a +0 short sword
 m - a +2 mace of draining (weapon)
Missiles
 j - 5 poisoned darts
Armour
 b - a +0 cloak (worn)
 d - a +0 leather armour (worn)
Jewellery
 L - a ring of flight (right hand)
 N - a ring of positive energy (left hand)
Scrolls
 e - a scroll of teleportation {unknown}
 g - 4 scrolls of identify {unknown}
 h - a scroll of amnesia {unknown}
 i - 2 scrolls of blinking {unknown}
 k - a scroll of acquirement {unknown}
Potions
 c - 2 potions of lignification
 l - 3 potions of heal wounds {unknown}
 n - a potion of degeneration {unknown}
 o - a potion of attraction {unknown}


   Skills:
 + Level 0.5 Fighting
 + Level 0.6 Maces & Flails
 - Level 3.2 Polearms
 + Level 0.6 Dodging
 - Level 2.0 Stealth
 - Level 1.0 Spellcasting
 - Level 4.0 Conjurations
 - Level 4.4 Fire Magic


You had 3 spell levels left.
You knew the following spells:

 Your Spells              Type           Power      Damage    Failure   Level
Y - Foxfire               Conj/Fire      48%        2x1d6     6%          1

Your spell library contained the following spells:

 Spells                   Type           Power      Damage    Failure   Level
 Necrotise                Necr           0%         1d4       32%         1
 Inner Flame              Hex/Fire       6%         N/A       38%         3
 Sublimation of Blood     Necr           0%         N/A       45%         2
 Wereblood                Tmut           0%         N/A       45%         2
 Ignite Poison            Fire/Tmut/Pois 4%         N/A       50%         3
 Vampiric Draining        Necr           0%         2d6       69%         3
 Agony                    Necr           0%         N/A       100%        5
 Summon Hydra             Summ           0%         N/A       100%        7


Dungeon Overview and Level Annotations

Branches:
Dungeon (2/15)

Altars:


Innate Abilities, Weirdness & Mutations

You have a beak for a mouth.
You have claws for feet.


Message History

You sock the rat!
You kill the rat!
c - 2 potions of lignification (gained 1)
o - a red potion
Found a stone staircase leading up.
A worm comes into view.
Found a mace.
You conjure some foxfire!
The foxfire hits the worm.
The worm is lightly wounded.
The foxfire hits the worm.
The worm is moderately wounded.
You conjure some foxfire!
The foxfire hits the worm.
The worm is moderately wounded.
No target in range!
You sock the worm! You drain the worm. You claw the worm.
The worm is severely wounded.
The worm barely misses you.
You sock the worm!
You kill the worm!
You see here a worm corpse.
You now have 75 gold pieces (gained 8).
There is a stone staircase leading up here.
There is a stone staircase leading up here.
You see here a worm corpse.
You reach down and open the door. 2 jackals and a gnoll come into view.
The gnoll shouts!
The jackal pauses to sniff the ground.
You conjure some foxfire!
The jackal barks!
The jackal closely misses you.
You closely miss the jackal. Your kick misses the jackal. You peck the jackal.
The jackal is moderately wounded.
The gnoll hits you from afar with a +0 halberd!
The jackal bites you but does no damage.
The gnoll hits you from afar with a +0 halberd!
Ouch! That really hurt!
You die... ░░░░░░░ ░░.....░░░░ ░.........░ ░.░..⚶Q⚶..░ ░░░░░░░.░░░░h░░░░ ░........░ +gh

░........░
░...
░░░░░........░
+...░
....░........░
░░░░░
....░...░░░.░░
░░░░ ......░░░
░.░ ░░░ ░...
.....░░ ░.░
░░.░ ░...


You could see a gnoll and 2 jackals.

Vanquished Creatures
  A dart slug (D:1)
  2 worms (D:2)
  7 endoplasms
  3 giant cockroaches
  2 goblins
  4 hobgoblins
  4 jackals (D:1)
  A quokka (D:1)
  3 ball pythons
  4 bats (D:1)
  2 frilled lizards (D:2)
  6 kobolds (D:1)
  6 rats
45 creatures vanquished.

Vanquished Creatures (collateral kills)
  2 foxfires (D:2)
2 creatures vanquished.

Vanquished Creatures (others)
  58 foxfires
58 creatures vanquished.

Grand Total: 105 creatures vanquished

Notes
Turn   | Place    | Note
-------+----------+-------------------------------------------
     0 | D:1      | utis the Tengu Wanderer began the quest for the Orb.
     0 | D:1      | utis set off with the following items: a +0 spear, a +0
                  | cloak, a potion of lignification, a +0 leather armour; and
                  | the following spell memorised: Foxfire; and the following
                  | spells available to memorise: Inner Flame, Ignite Poison.
     0 | D:1      | Reached XP level 1. HP: 10/10 MP: 3/3
   142 | D:1      | Reached skill level 1 in Conjurations
   354 | D:1      | Reached XP level 2. HP: 15/15 MP: 4/4
   807 | D:1      | Reached XP level 3. HP: 19/19 MP: 3/5
  1432 | D:2      | Slain by a gnoll

Illustrated notes

Levels and vault maps discovered:
D:1:      heliophobic_arrival_ceremonial_halls, layout_loops_ring
D:2:      layout_rooms, dreamdust_ecumenical_altar_hidden_monk_grotto,
          cheibrodos_gnoll_hut

Skill      XL: |  1  2  3 |
---------------+----------+-----
Conjurations   | 2 3 4 |  4.0
Fighting       | |  0.5
Maces & Flails | |  0.6
Polearms       | |  3.2
Dodging        | |  0.6
Stealth        | |  2.0
Spellcasting   | |  1.0
Fire Magic     | |  4.4

Action                     || total
---------------------------++-------
  Melee: Spear             ||    58
         Kick              ||    10
         Peck              ||     4
         Punch             ||     1
         Mace              ||    11
   Cast: Foxfire           ||    35
   Stab: Sleeping          ||     3
 Armour: Leather armour    ||    15
  Dodge: Dodged            ||    33

Table legend: (Time is in decaauts)
 A = Elapsed time spent in this place.
 B = Non-inter-level travel time spent in this place.
 C = Inter-level travel time spent in this place.
 D = Time resting spent in this place.
 E = Time spent auto-exploring this place.
 F = Levels seen in this place.
 G = Mean time per level.
                   A        B        C        D        E       F      G
               +--------+--------+--------+--------+--------+-----+--------+
         Total |   1430 |   1405 |     25 |    184 |    858 |   2 |  715.0 |
       Dungeon |   1430 |   1405 |     25 |    184 |    858 |   2 |  715.0 |
               +--------+--------+--------+--------+--------+-----+--------+

Top non-repeatable levels by time:
     D:1: 983 daAuts
     D:2: 446 daAuts
